 Dungeon Crawl Stone Soup version 0.18.1-48-g4cf74bf (webtiles) character file.

2030 Gargoyl the Covered (level 9, -3/68 HPs)
             Began as a Demonspawn Abyssal Knight on Aug 23, 2016.
             Was an Elder of Lugonu.
             Slain by a porcupine (5 damage)
             ... on level 8 of the Dungeon.
             The game lasted 00:17:37 (7672 turns).

Gargoyl the Covered (Demonspawn Abyssal Knight)     Turns: 7672, Time: 00:17:38

Health: -3/68      AC: 25    Str: 16    XL:     9   Next: 3%
Magic:  10/10      EV:  6    Int: 13    God:    Lugonu [****..]
Gold:   393        SH: 11    Dex: 14    Spells: 0 memorised, 8 levels left

rFire  + . .     SeeInvis .     a - +1 hand axe
rCold  + + .     Gourm    .     k - +0 chain mail
rNeg   . . .     Faith    .     z - +2 shield
rPois  +         Spirit   .     J - +2 hat
rElec  +         Dismiss  .     B - +2 cloak
rCorr  +         Reflect  .     i - +0 pair of gloves
SustAt .         Harm     .     H - +0 pair of boots (curse)
MR     .....                    (no amulet)
Stlth  ..........               u - +3 ring of dexterity
                                q - ring of poison resistance

@: resistant, drained, not resistant to hostile enchantments, extremely
unstealthy
A: rough black scales 2, cold resistance 1, demonic guardian 1, freezing cloud
immunity
a: Depart the Abyss, Bend Space, Banish, Corrupt, Renounce Religion


You were on level 8 of the Dungeon.
You worshipped Lugonu.
Lugonu was greatly pleased with you.
You were not hungry.

You visited 1 branch of the dungeon, and saw 9 of its levels.
You visited the Abyss 1 time.

You collected 393 gold pieces.

Inventory:

Hand Weapons
 a - a +1 hand axe (weapon)
 j - a +2 spear of flaming
 n - a +5 spear
 A - the +5 mace "Locopuxuj" {crush, Int+4 Stlth+}
   (You found it on level 6 of the Dungeon)

   It inflicts extra damage upon your enemies.
   It affects your intelligence (+4).
   It makes you more stealthy.
Armour
 i - a +0 pair of gloves (worn)
 k - a +0 chain mail (worn)
 z - a +2 shield (worn)
 B - a +2 cloak (worn)
 H - a cursed +0 pair of boots (worn)
 J - a +2 hat (worn)
Jewellery
 q - a ring of poison resistance (left hand)
 u - a +3 ring of dexterity (right hand)
Wands
 b - a wand of polymorph (14/24)
 m - a wand of random effects (13/48)
 p - a wand of lightning (0/15)
 F - a wand of polymorph (6/24)
Scrolls
 e - a scroll of teleportation
 g - 3 scrolls of blinking
 h - 3 scrolls of remove curse
 v - 7 scrolls of identify
 x - 3 scrolls of fear
 G - a scroll of enchant weapon
Potions
 d - a potion of brilliance
 s - a potion of resistance
 w - a potion of curing {unknown}
 C - a potion of lignification
 E - 2 potions of might
Comestibles
 c - 4 bread rations
 f - 4 meat rations
 l - a beef jerky
 o - 2 slices of pizza
 r - a fruit
 D - a royal jelly


   Skills:
 + Level 5.4(5.3) Fighting
 + Level 2.1(2.9) Axes
 + Level 2.2(2.6) Maces & Flails
 + Level 1.9(2.3) Polearms
 * Level 6.8(6.7) Armour
 + Level 4.1(4.0) Dodging
 + Level 1.6(1.5) Stealth
 + Level 4.4(4.3) Shields
 + Level 2.6(2.5) Invocations


You had 8 spell levels left.
You didn't know any spells.

Dungeon Overview and Level Annotations

Branches:
Dungeon (9/15)             Temple (0/1) D:5            Lair (0/8) D:8
    Orc: D:9-12

Altars:
Gozag
Kikubaaqudgha
Qazlal
Ru
Xom
Yredelemnul


Innate Abilities, Weirdness & Mutations

You are mostly covered in rough black scales (AC +7, Dex -2).
Your flesh is cold resistant.
A weak demonic guardian rushes to your aid.
You are immune to freezing clouds.


Message History

The porcupine bites you but does no damage.
You turn to wood and can move again.
Unknown command.
Drink which item? (? for menu, Esc to quit)
It was a potion of magic.
Magic courses through your body.
You feel less woody.
Your +2 cloak unmelds from your body.
Your +2 hat unmelds from your body.
Your +0 pair of gloves unmelds from your body.
Your cursed +0 pair of boots unmelds from your body.
Your +0 chain mail unmelds from your body.
The basilisk bites you but does no damage.
The porcupine barely misses your quasit.
The sheep bites you but does no damage.
The river rat twitches its whiskers.
The river rat bites your quasit but does no damage.
Your quasit bites the basilisk.
Your quasit closely misses the basilisk.
Your quasit claws the basilisk but does no damage.
The porcupine bites you.
You die...

+.........#
..........#
#.........###
...........#
...........#
#####......# #......#
#.rY...# ......##
#.@5r..# ........##
#llrr..#
.........###Yrr...#
............sY......#
#..#P..PP..........#
#..♣..............#
#P.P.r.P?..........
##.rP.............##
#..Yrrr.t...♣.....


You could see 2 basilisks, a scorpion, 3 porcupines, 3 sheep, 3 river rats and a
friendly quasit.

Vanquished Creatures
  An ice beast (D:6)
  2 ogres
  A centaur (D:9)
  2 giant frogs (D:7)
  A scorpion (D:5)
  4 howler monkeys
  4 wights (D:9)
  2 crimson imps
  A giant frog skeleton (D:4)
  A giant frog zombie (D:9)
  2 jellies
  An orc wizard (D:9)
  Crazy Yiuf (D:6)
  4 orc priests (D:9)
  4 worker ants
  An iguana (D:9)
  A hound zombie (D:5)
  3 gnolls (D:4)
  A worker ant zombie (D:6)
  8 adders
  An ooze (D:3)
  2 worms
  4 dart slugs
  5 giant geckos
  10 orcs
  A ball python (D:7)
  6 giant cockroaches
  6 goblins
  8 hobgoblins
  11 jackals
  10 quokkas
  6 bats
  5 giant newts
  4 kobolds (D:2)
  6 rats
  A spectral orc (D:3)
131 creatures vanquished.

Vanquished Creatures (collateral kills)
  Grinder (D:5)
  An ogre (D:5)
  2 centaurs
  Blork the orc (D:4)
  A giant frog (D:6)
  A scorpion (D:9)
  A wight (D:9)
  A howler monkey (D:9)
  A giant frog zombie (D:4)
  Terence (D:2)
  A sheep (D:8)
  A quokka (D:8)
13 creatures vanquished.

Vanquished Creatures (others)
  A fungus (D:8)
1 creature vanquished.

Grand Total: 145 creatures vanquished

Notes
Turn   | Place    | Note
--------------------------------------------------------------
     0 | Abyss:1  | Gargoyl the Demonspawn Abyssal Knight began the quest for the Orb.
     0 | Abyss:1  | Reached XP level 1. HP: 18/18 MP: 2/2
   107 | Abyss:2  | Noticed a naga warrior
   141 | Abyss:2  | Found a roughly hewn altar of Beogh.
   146 | Abyss:2  | Noticed a fire giant simulacrum
   147 | Abyss:2  | Noticed a thrashing horror
   150 | D:1      | Escaped the Abyss
   627 | D:1      | Reached skill level 1 in Dodging
   755 | D:1      | Reached * piety under Lugonu
   755 | D:1      | Gained mutation: A weak demonic guardian rushes to your aid. [demonic ancestry]
   755 | D:1      | Reached XP level 2. HP: 24/24 MP: 3/3
  1097 | D:2      | Reached XP level 3. HP: 15/30 MP: 4/4
  1394 | D:2      | Noticed Terence
  1405 | D:2      | Killed Terence
  1405 | D:2      | Reached skill level 2 in Armour
  1903 | D:2      | Reached XP level 4. HP: 32/37 MP: 5/5
  1927 | D:2      | Found a shimmering altar of Xom.
  2240 | D:2      | Reached ** piety under Lugonu
  2368 | D:3      | Reached skill level 3 in Armour
  2480 | D:3      | Reached XP level 5. HP: 28/42 MP: 6/6
  2698 | D:3      | Found a basalt altar of Yredelemnul.
  2764 | D:3      | Found an ancient bone altar of Kikubaaqudgha.
  3432 | D:4      | HP: 1/42 [gnoll/halberd (8)]
  3989 | D:4      | Noticed Blork the orc
  3996 | D:4      | Killed Blork the orc
  3996 | D:4      | Reached skill level 1 in Polearms
  3996 | D:4      | Reached skill level 1 in Shields
  3996 | D:4      | Gained mutation: You are partially covered in rough black scales (AC +4, Dex -1). [demonic ancestry]
  3996 | D:4      | Reached XP level 6. HP: 38/48 MP: 7/7
  4236 | D:4      | Found an opulent altar of Gozag.
  4500 | D:4      | Reached *** piety under Lugonu
  4500 | D:4      | Reached skill level 1 in Stealth
  4518 | D:5      | Entered Level 5 of the Dungeon
  4550 | D:5      | Found a sacrificial altar of Ru.
  4566 | D:5      | Reached skill level 4 in Armour
  4586 | D:5      | Noticed Grinder
  4588 | D:5      | Paralysed by Grinder for 4 turns
  4597 | D:5      | Paralysed by Grinder for 7 turns
  4613 | D:5      | Killed Grinder
  4613 | D:5      | Gained mutation: Your flesh is cold resistant. [demonic ancestry]
  4613 | D:5      | Reached XP level 7. HP: 14/55 MP: 8/8
  4943 | D:5      | Found a staircase to the Ecumenical Temple.
  5591 | D:5      | Reached skill level 5 in Armour
  6004 | D:6      | Got a twisted mace
  6005 | D:6      | Identified the +5 mace "Locopuxuj" {crush, Int+4 Stlth+} (You found it on level 6 of the Dungeon)
  6007 | D:6      | Noticed Crazy Yiuf
  6014 | D:6      | Killed Crazy Yiuf
  6366 | D:6      | Found a stormy altar of Qazlal.
  6638 | D:6      | Gained mutation: You are mostly covered in rough black scales (AC +7, Dex -2). [demonic ancestry]
  6638 | D:6      | Reached XP level 8. HP: 58/61 MP: 9/9
  6879 | D:7      | Reached skill level 1 in Maces & Flails
  6913 | D:7      | You fall through a shaft for 2 floors!
  6919 | D:9      | Reached skill level 5 in Fighting
  6932 | D:9      | Reached skill level 6 in Armour
  7104 | D:9      | Reached **** piety under Lugonu
  7245 | D:9      | Gained mutation: You are immune to freezing clouds. [demonic ancestry]
  7245 | D:9      | Reached XP level 9. HP: 55/68 MP: 10/10
  7623 | D:8      | Found a staircase to the Lair.
  7671 | D:8      | HP: 4/102 [basilisk (5)]
  7672 | D:8      | Slain by a porcupine

Skill      XL: |  1  2  3  4  5  6  7  8 |
---------------+-------------------------+-----
Dodging        | 1 2 3 4 |  4.1
Axes           | 2 |  2.1
Armour         | 2 3 4 5 6 |  6.8
Fighting       | 4 5 |  5.4
Polearms       | 1 |  1.9
Shields        | 1 2 4 |  4.4
Stealth        | 1 |  1.6
Maces & Flails | 2 |  2.2
Invocations    | |  2.6

Action                   |  1- 3 |  4- 6 |  7- 9 || total
-------------------------+-------+-------+-------++-------
Melee: Hand axe          |   103 |    14 |     5 ||   122
       Spear             |       |   167 |    53 ||   220
       Mace              |       |       |   177 ||   177
Invok: Depart the Abyss  |     1 |       |       ||     1
       Bend Space        |       |       |     2 ||     2
Evoke: Wand              |       |       |     2 ||     2
  Use: Scroll            |     4 |     1 |    12 ||    17
       Potion            |       |     5 |     3 ||     8
 Stab: Distracted        |       |     1 |       ||     1
  Eat: Chunk             |     3 |     9 |     1 ||    13
       Fruit             |       |       |    12 ||    12
Armor: Leather armour    |    13 |       |       ||    13
       Ring mail         |    21 |       |       ||    21
       Scale mail        |    12 |    79 |       ||    91
       Chain mail        |       |    17 |   178 ||   195
       Skin              |       |     4 |    45 ||    49
Dodge: Dodged            |    73 |    62 |    57 ||   192
Block: Shield            |       |    52 |   157 ||   209
